 Dungeon Crawl Stone Soup version 0.18.1-47-g9310371 (webtiles) character file.

1682993 sleepydude the Impregnable (level 26, 245/260 HPs)
             Began as a Minotaur Berserker on June 11, 2016.
             Was a High Priest of Trog.
             Escaped with the Orb
             ... and 3 runes on June 13, 2016!
             The game lasted 12:00:49 (69903 turns).

sleepydude the Impregnable (Minotaur Berserker)    Turns: 69903, Time: 12:00:49

Health: 245/260    AC: 40    Str: 26    XL:     26   Next: 96%
Magic:  22/22      EV: 29    Int:  7    God:    Trog [*****.]
Gold:   5266       SH: 24    Dex: 23    Spells: 0 memorised, 25 levels left

rFire  + + +     SeeInvis .     t - +9 demon whip (flame)
rCold  + + .     Gourm    .     R - +7 plate armour {MR+}
rNeg   + . .     Faith    .     T - +1 shield {rF+}
rPois  .         Spirit   .     (helmet unavailable)
rElec  +         Dismiss  .     q - +2 cloak of Shielding {*Corrode +Fly rF+++ Dex+3}
rCorr  +         Reflect  +     E - +0 pair of gloves "Guich" {+Blink rCorr}
SustAt .         Harm     .     L - +1 pair of boots {Stlth+}
MR     +++..                    D - +3 amulet of reflection
Stlth  ..........               U - ring of protection from magic
                                r - ring of Dungumishu {rElec rC++ rN+ Str+4 Int+3}

@: very slightly contaminated, hasted, very quick, extremely resistant to
hostile enchantments, extremely unstealthy
A: retaliatory headbutt, horns 3, yellow scales 1, agile 1, slow regeneration 1,
weak 2, MP-powered wands
a: Berserk, Trog's Hand, Brothers in Arms, Burn Spellbooks, Renounce Religion,
Evoke Blink, Evoke Flight
0: Orb of Zot
}: 3/15 runes: barnacled, silver, gossamer


You escaped.
You worshipped Trog.
Trog was extremely pleased with you.
You were full.

You visited 12 branches of the dungeon, and saw 52 of its levels.
You also visited: Trove and Ice Cave.

You collected 11623 gold pieces.
You spent 6357 gold pieces at shops.

Inventory:

Hand Weapons
 t - a +9 demon whip of flaming (weapon)
 y - the +8 morningstar of Mutilation {drain, Dex+2}
   (You bought it in a shop on level 2 of the Vaults)

   A truly terrible weapon, it drains the life of those it strikes.
   It affects your dexterity (+2).
 Q - a +9 flail of protection
Armour
 k - a +0 cloak of magic resistance
 q - the +2 cloak of Shielding (worn) {*Corrode +Fly rF+++ Dex+3}
   (You acquired it on level 15 of the Dungeon)

   It affects your dexterity (+3).
   It renders you almost immune to fire.
   It lets you fly.
   It may corrode you when you take damage.
 u - the +0 cloak of Ennui {+Fly rF+ rC+ Dex+6}
   (You found it on level 2 of the Vaults)

   It affects your dexterity (+6).
   It protects you from fire.
   It protects you from cold.
   It lets you fly.
 E - the +0 pair of gloves "Guich" (worn) {+Blink rCorr}
   (You found it on level 3 of the Depths)

   It lets you blink.
   It protects you from acid and corrosion.
 L - a +1 pair of boots of stealth (worn)
 O - a +2 plate armour of cold resistance
 R - a +7 plate armour of magic resistance (worn)
 T - a +1 shield of fire resistance (worn)
Jewellery
 r - the ring of Dungumishu (left hand) {rElec rC++ rN+ Str+4 Int+3}
   (You found it on level 4 of the Shoals)

   [ring of strength]

   It affects your strength (+4).
   It affects your intelligence (+3).
   It greatly protects you from cold.
   It insulates you from electricity.
   It protects you from negative energy.
 w - the ring of Shadows {Umbra +Inv rN+ SInv}
   (You found it in a treasure trove)

   [ring of positive energy]

   It protects you from negative energy.
   It lets you see invisible.
   It lets you turn invisible.
 D - a +3 amulet of reflection (around neck)
 F - an uncursed ring of sustain attributes
 K - the ring "Ecvauneomm" {rF+ MR- Str+2 Dex+4 Stlth+}
   (You found it on level 2 of the Depths)

   [ring of strength]

   It affects your strength (+2).
   It affects your dexterity (+4).
   It protects you from fire.
   It affects your resistance to hostile enchantments.
   It makes you more stealthy.
 N - an uncursed ring of protection from cold
 U - a ring of protection from magic (right hand)
Wands
 e - a wand of heal wounds (0/9)
 o - a wand of digging (9/24)
 x - a wand of digging (12/24)
 J - a wand of heal wounds (6/9)
 Y - a wand of teleportation (4/9)
Scrolls
 a - 2 scrolls of summoning
 b - 9 scrolls of magic mapping
 d - 2 scrolls of blinking
 i - 22 scrolls of teleportation
 j - 2 scrolls of fog
 v - 7 scrolls of identify
 B - 6 scrolls of fear
 G - 21 scrolls of remove curse
 H - 3 scrolls of holy word
 I - a scroll of silence
 P - 3 scrolls of enchant armour
 W - a scroll of enchant weapon
Potions
 g - 10 potions of curing
 n - 4 potions of might
 p - 2 potions of invisibility
 s - 2 potions of resistance
 z - a potion of magic
 A - a potion of cancellation
 C - 6 potions of agility
 S - a potion of haste
 V - 6 potions of flight
 X - a potion of brilliance
Miscellaneous
 M - a sack of spiders {used: 2}
 Z - a stone of tremors
Comestibles
 c - 5 bread rations
 h - 17 meat rations


   Skills:
 + Level 25.9 Fighting
 - Level 14.0(14.6) Maces & Flails
   Level 7.0(11.5) Staves
 + Level 26.1 Armour
 + Level 24.6 Dodging
 + Level 26.0 Shields


You had 25 spell levels left.
You didn't know any spells.

Dungeon Overview and Level Annotations

Branches:
Dungeon (15/15)            Temple (1/1) D:4            Lair (8/8) D:10
 Shoals (4/4) Lair:4       Spider (4/4) Lair:5        Slime (1/6) Lair:8
    Orc (2/2) D:12            Elf (1/3) Orc:2        Vaults (5/5) D:14
  Crypt (1/3) Vaults:2     Depths (5/5) D:15            Zot (5/5) Depths:5

Altars:
Ashenzari
Cheibriados
Dithmenos
Gozag
Makhleb
Nemelex Xobeh
Okawaru
Pakellas
Qazlal
Ru
Trog
Vehumet
Beogh

Shops:
Orc:1 *   Orc:2 [(}*   Vaults:1 ![   Vaults:2 }?**(([*

Portals:
Hell: Lair:8 Depths:1 Depths:2 Depths:3 Depths:4 Depths:5
Abyss: Depths:1 Depths:4 Depths:5
Pandemonium: Depths:2 Depths:3
Ziggurat: Depths:4

Annotations:
Zot:5 exclusion: obsidian statue


Innate Abilities, Weirdness & Mutations

You reflexively headbutt those who attack you in melee.
You have a pair of large horns on your head.
You are partially covered in yellow scales (AC +2).
You are agile. (Dex +2)
You regenerate slowly when monsters are visible.
You are very weak. (Str -4)
You expend magic power (3 MP) to strengthen your wands.


Message History

The cherub shoots an arrow.
The arrow closely misses you.
Drink which item? (? for menu, Esc to quit)
You feel yourself speed up.
The cherub shoots an arrow.
The arrow misses you.
You see here an arrow.
The daeva calls down the wrath of the Shining One upon you.
The Shining One smites you!
The cherub shoots an arrow.
You reflect the arrow off an invisible shield around you!
The arrow hits the cherub!
The arrow burns the cherub.
You see here a leather armour.
A seraph comes into view.
It is wielding a great sword of flaming.
The seraph shouts a warning to its allies!
The seraph calls down the wrath of the Shining One upon you.
The Shining One smites you!
There is a stone staircase leading up here.
You climb upwards.
There is a stone staircase leading down here.
There is an open door here.
There is a staircase leading out of the dungeon here.
You have escaped!

#............# #.# #.##########.#
#.####### #.# #.# #...†....
#.##########.###################
##..........................##...
....######..#########>#####.#...#
##.#######..#########.....#.#....
...# #..##..##.....##...#.#.#...#
#..# #..##...'..@..##.#.#.#.###.#
#.(# #..##..##.....##.#.#.#.# #.#
#..# #..'...#########.#.#.#.###.#
...# #..##..#########.#......†..#
##.# #..##..............#.#.#####
#.# #..##.⌠..........###.#.# #.#
#####...########.....#.# #.##
#...########.#####.#
#..#######.................#


There were no monsters in sight!

Vanquished Creatures
  3 ancient liches (Zot:5)
  3 orbs of fire (Zot:5)
  Margery (Vaults:5)
  Boris (Vaults:2)
  2 curse toes (Zot:5)
  5 Killer Klowns
  8 golden dragons
  Jory (Vaults:5)
  Nikola (Vaults:1)
  A bone dragon (Depths:5)
  4 electric golems
  10 tentacled monstrosities
  24 Orb Guardians
  Asterion (Depths:1)
  4 liches
  9 titans
  2 quicksilver dragons
  Frances (Spider:1)
  5 sphinxes
  6 death cobs
  2 tengu reavers
  8 shadow dragons
  5 draconian monks
  12 storm dragons
  Ilsuiw (Shoals:3)
  7 draconian knights
  A storm dragon (shapeshifter) (Vaults:2)
  2 iron dragons
  7 fire giants
  6 ghost moths
  3 deep elf sorcerers
  25 vault wardens
  2 draconian scorchers
  7 frost giants
  Aizul (Vaults:1)
  A deep elf elementalist (Vaults:4)
  4 emperor scorpions
  3 spriggan defenders
  6 draconian shifters
  A ghoul (Vaults:3)
  23 ironheart preservers
  3 draconian zealots
  28 stone giants
  4 draconian callers
  6 draconian annihilators
  19 very ugly things
  14 green draconians
  5 war gargoyles
  A vampire knight (Depths:2)
  A salamander stormcaller (Vaults:1)
  Azrael (Spider:1)
  2 deep elf demonologists
  7 yellow draconians
  8 black draconians
  7 mottled draconians
  8 white draconians
  6 purple draconians
  9 red draconians
  A dire elephant (Lair:8)
  6 spark wasps
  3 deep elf annihilators
  13 ettins
  28 vault guards
  5 deep elf death magi
  23 fire dragons
  Josephine (Orc:1)
  11 merfolk impalers
  15 yaktaur captains
  8 merfolk javelineers
  3 deep elf high priests
  Harold (Lair:4)
  6 entropy weavers
  8 great orbs of eyes
  A hydra (shapeshifter) (Vaults:4)
  A rakshasa (Vaults:2)
  6 merfolk avatars
  23 ice dragons
  5 spriggan air magi
  7 centaur warriors
  Erolcha (Orc:1)
  12 hydras
  A satyr (Shoals:4)
  A dancing weapon (Vaults:4)
  3 deep troll shamans
  5 death knights
  5 merfolk aquamancers
  4 death yaks
  18 ogre magi
  2 vampire magi
  7 tengu warriors
  A hell hog (D:15)
  11 deep troll earth magi
  A spriggan berserker (Depths:5)
  7 deep elf knights
  A soul eater (Depths:2)
  Sonja (D:11)
  A sun demon (Lair:8)
  A salamander mystic (Vaults:1)
  11 skeletal warriors
  3 fire crabs
  14 hell knights
  2 iron trolls (Depths:4)
  4 unseen horrors
  3 shadow wraiths
  A small abomination (Vaults:4)
  6 sea snakes
  33 deep trolls
  6 deep elf archers
  2 flayed ghosts
  9 hill giants
  3 giant orange brains
  A torturous demonspawn (Depths:1)
  3 phantasmal warriors
  13 ironbrand convokers
  A wolf spider zombie (D:15)
  A harpy (shapeshifter) (Vaults:4)
  8 orb spiders
  3 wizards
  13 griffons
  3 oklob plants
  9 orc knights
  10 hornets
  17 necromancers
  54 ugly things
  14 harpies
  A fire giant zombie (Vaults:5)
  A hornet (shapeshifter) (Vaults:1)
  14 fauns
  3 orc sorcerers
  A glowing shapeshifter (Vaults:4)
  22 deep elf magi
  7 manticores
  A sixfirhy (Lair:8)
  2 fauns (shapeshifter)
  8 elephants
  A cyclops (shapeshifter) (Depths:5)
  7 cyclopes
  3 salamanders (Vaults:1)
  40 wolf spiders
  10 sirens
  6 black mambas
  24 moths of wrath
  A fire giant skeleton (Vaults:1)
  A manticore (shapeshifter) (Depths:3)
  A moth of wrath (shapeshifter) (Depths:4)
  An elephant (shapeshifter) (Vaults:4)
  4 water nymphs
  6 torpor snails
  3 black mambas (shapeshifter)
  Maurice (D:12)
  2 hellions
  A smoke demon (Lair:8)
  A stone giant skeleton (Vaults:1)
  An ice statue (IceCv)
  12 spiny frogs
  A gargoyle (D:10)
  6 orange demons (Lair:8)
  2 yaktaur zombies
  18 vault sentinels
  58 yaktaurs
  3 rime drakes (shapeshifter)
  A centaur skeleton (D:12)
  12 demonic crawlers
  2 kobold demonologists
  2 yaktaurs (shapeshifter)
  3 hellwings
  2 freezing wraiths
  3 rime drakes
  5 ice devils
  3 tengu conjurers
  9 komodo dragons
  A human skeleton (Vaults:1)
  36 jumping spiders
  10 trolls
  11 polar bears (IceCv)
  22 merfolk
  3 red devils
  A troll (shapeshifter) (D:15)
  7 snapping turtles
  2 two-headed ogres (shapeshifter)
  25 two-headed ogres
  20 blink frogs
  A frost giant simulacrum (Vaults:5)
  4 slime creatures
  4 wind drakes
  5 boulder beetles
  11 flying skulls (Zot:4)
  2 shadows
  77 redbacks
  A spriggan (Depths:3)
  5 air elementals
  5 vampires
  A fire bat (shapeshifter) (Vaults:3)
  9 wraiths
  25 water elementals
  3 wyverns
  59 yaks
  39 tarantellas
  A basilisk (Lair:1)
  A chaos spawn (Depths:3)
  A fire elemental (Spider:1)
  Grum (D:8)
  2 steam dragons
  10 hippogriffs
  A neqoxec (Depths:3)
  18 vampire mosquitoes
  4 wargs
  4 mottled dragons
  A deep troll zombie (Vaults:5)
  A swamp worm (shapeshifter) (Vaults:4)
  2 hell hounds
  2 soldier ants (D:12)
  18 water moccasins
  12 porcupines
  2 giant eyeballs (shapeshifter)
  2 hornet simulacra
  25 orc warriors
  A wasp (Spider:1)
  An ice beast (D:8)
  A black bear (Lair:3)
  3 phantoms
  5 sky beasts
  23 wolves
  An orc zombie (Vaults:1)
  A tengu (shapeshifter) (Depths:5)
  3 necrophages
  8 boggarts
  65 ogres
  11 centaurs
  An orc skeleton (Vaults:1)
  20 crocodiles
  4 big kobolds
  A human zombie (Vaults:1)
  23 giant frogs
  A wyvern zombie (D:15)
  A scorpion (shapeshifter) (Vaults:5)
  2 scorpions
  The ghost of Ikethelord the Skirmisher, a weakling HOFi (D:3)
  2 human simulacra
  17 killer bees
  A wight (D:15)
  3 electric eels (Lair:4)
  A howler monkey (D:8)
  6 crimson imps
  10 hounds
  3 jellies
  2 giant frog zombies
  16 orc priests
  30 orc wizards
  7 giant frog skeletons
  An iron imp (Depths:4)
  11 iguanas
  11 worker ants
  A boulder beetle simulacrum (Vaults:1)
  21 sheep
  2 hound skeletons (D:11)
  2 howler monkey zombies
  2 worker ant zombies
  15 adders
  37 river rats
  4 shadow imps
  12 white imps (Lair:2)
  3 ufetubi
  An adder skeleton (D:9)
  2 worms (D:3)
  A dart slug (D:1)
  3 giant geckos
  126 orcs
  7 bats
  3 giant cockroaches
  5 goblins
  A hobgoblin (D:3)
  9 kobolds
  8 quokkas
  2 ball pythons
  4 giant newts
  A quokka skeleton (D:7)
  5 rats
  4 crawling corpses (Vaults:5)
  A fire vortex (Depths:2)
  5 plants
2251 creatures vanquished.

Vanquished Creatures (collateral kills)
  An ancient lich (Zot:4)
  An orb of fire (Zot:4)
  the Enchantress (Depths:3)
  Arachne (Spider:3)
  A lich (Zot:4)
  A titan (Vaults:5)
  A tengu reaver (Vaults:5)
  An emperor scorpion (Spider:3)
  A fire giant (Depths:3)
  A frost giant (Depths:3)
  A ghost moth (Zot:3)
  A vault warden (Vaults:2)
  An orc warlord (Orc:1)
  A deep elf sorcerer (Vaults:2)
  A draconian scorcher (Zot:3)
  A cacodemon (Depths:2)
  2 spriggan defenders (Depths:3)
  A stone giant (Vaults:5)
  2 green draconians
  3 deep elf demonologists (Vaults:2)
  A deep elf annihilator (Vaults:3)
  A black draconian (Zot:1)
  2 mottled draconians
  A white draconian (Zot:3)
  A purple draconian (Zot:4)
  7 vault guards (Vaults:4)
  A fire dragon (Lair:7)
  2 deep elf high priests (Vaults:5)
  2 entropy weavers (Spider:2)
  A yaktaur captain (Vaults:5)
  An ice dragon (Zot:3)
  2 spriggan air magi (Depths:3)
  An ogre mage (Vaults:2)
  A centaur warrior (Vaults:2)
  A merfolk aquamancer (Shoals:4)
  3 death yaks (Lair:5)
  2 deep troll shamans
  2 deep troll earth magi
  3 orc high priests (Orc:2)
  A spriggan (Depths:3)
  A skeletal warrior (Vaults:4)
  5 deep trolls
  2 ironbrand convokers (Vaults:2)
  5 orc knights
  A phantasmal warrior (Vaults:4)
  3 deep elf magi
  4 orb spiders
  A griffon (Shoals:3)
  A hornet (Spider:4)
  A manticore (D:12)
  A wolf spider (Spider:4)
  2 ugly things (Vaults:2)
  An orc sorcerer (Orc:2)
  A kobold demonologist (Vaults:2)
  6 yaktaurs
  A troll (Vaults:2)
  A queen bee (Lair:1)
  A red devil (Depths:2)
  2 jumping spiders
  A raiju (shapeshifter) (Vaults:1)
  A tarantella (Spider:2)
  11 redbacks
  A mottled dragon (Vaults:2)
  2 hell hounds (Spider:1)
  4 orc warriors
  A wasp (Depths:3)
  11 killer bees (Lair:1)
  A quasit (Depths:2)
  An iron imp (Depths:2)
  3 orc priests
  A sheep (Orc:1)
  An ufetubus (Depths:2)
  6 orcs
  A crawling corpse (Vaults:5)
146 creatures vanquished.

Vanquished Creatures (others)
  2 tengu reavers
  A draconian monk (Depths:5)
  2 fire giants
  A draconian knight (Zot:2)
  A draconian zealot (Zot:2)
  A vault warden (Vaults:3)
  2 stone giants
  A vampire knight (Depths:3)
  A black draconian (Zot:2)
  2 yaktaur captains
  2 centaur warriors
  2 satyrs
  A shadow wraith (Vaults:4)
  2 deep elf archers (Vaults:3)
  An ironbrand convoker (Vaults:5)
  A deep elf mage (Vaults:2)
  A manticore (Shoals:2)
  3 fauns
  2 cyclopes
  11 yaktaurs
  2 jumping spiders (Spider:4)
  A tarantella (Spider:4)
  4 yaks (D:6)
  3 orcs
  3 fungi
  12 plants
  4 tentacles (Shoals:1)
  27 tentacle segments (Shoals:1)
96 creatures vanquished.

Grand Total: 2493 creatures vanquished

Notes
Turn   | Place    | Note
--------------------------------------------------------------
     0 | D:1      | sleepydude the Minotaur Berserker began the quest for the Orb.
     0 | D:1      | Reached XP level 1. HP: 19/19 MP: 0/0
   406 | D:1      | Reached XP level 2. HP: 26/26 MP: 1/1
  1250 | D:2      | Reached skill level 5 in Maces & Flails
  1302 | D:2      | Reached XP level 3. HP: 31/31 MP: 2/2
  1710 | D:3      | Found a stormy altar of Qazlal.
  1804 | D:3      | Found a shadowy altar of Dithmenos.
  1947 | D:3      | Noticed Ikethelord's ghost (weakling HOFi)
  1955 | D:3      | Killed Ikethelord's ghost
  1955 | D:3      | Reached XP level 4. HP: 32/39 MP: 3/3
  2221 | D:3      | Reached ** piety under Trog
  2234 | D:3      | Reached XP level 5. HP: 3/45 MP: 4/4
  2796 | D:4      | Noticed an ogre
  2801 | D:4      | Killed an ogre
  2945 | D:4      | Got a faintly glowing short sword
  2946 | D:4      | Identified the cursed +0 short sword of the Vulture {flame, *Contam MR+ Stlth+} (You found it on level 4 of the Dungeon)
  2948 | D:4      | Gained mutation: Your muscles are strong. (Str +2) [potion of beneficial mutation]
  2971 | D:4      | Reached XP level 6. HP: 48/51 MP: 5/5
  2981 | D:4      | Found an iron altar of Okawaru.
  3004 | D:4      | HP: 3/76 [poisoned by an adder]
  3011 | D:4      | HP: 2/51 [poisoned by an adder]
  3013 | D:4      | Gained mutation: Your system is resistant to poisons. [mutagenic glow]
  3399 | D:4      | Found a staircase to the Ecumenical Temple.
  3403 | Temple   | Entered the Ecumenical Temple
  3665 | D:4      | Found an oddly glowing altar of Pakellas.
  3698 | D:4      | Reached XP level 7. HP: 52/57 MP: 6/6
  3961 | D:5      | Entered Level 5 of the Dungeon
  4027 | D:5      | Reached skill level 10 in Maces & Flails
  4679 | D:5      | Gained mutation: You have a pair of large horns on your head. [mutagenic meat]
  4680 | D:5      | Gained mutation: You are agile. (Dex +2) [mutagenic meat]
  4879 | D:6      | Killed a yak
  4887 | D:6      | Found a sparkling altar of Nemelex Xobeh.
  4898 | D:6      | Reached *** piety under Trog
  4910 | D:6      | Reached XP level 8. HP: 59/64 MP: 7/7
  5032 | D:6      | Found a bloodstained altar of Trog.
  5163 | D:6      | Found a radiant altar of Vehumet.
  6022 | D:7      | Found a sacrificial altar of Ru.
  6093 | D:7      | Found a bloodstained altar of Trog.
  6095 | D:7      | Found an opulent altar of Gozag.
  6306 | D:7      | Found a shattered altar of Ashenzari.
  6498 | D:8      | Noticed Grum
  6505 | D:8      | Reached XP level 9. HP: 53/70 MP: 8/8
  6589 | D:8      | Killed Grum
  6591 | D:8      | Reached skill level 1 in Shields
  6712 | D:8      | Reached **** piety under Trog
  7397 | D:8      | Reached skill level 5 in Fighting
  8027 | D:9      | Found a shadowy altar of Dithmenos.
  8029 | D:9      | Noticed a troll
  8038 | D:9      | Killed a troll
  8038 | D:9      | Reached skill level 5 in Armour
  8178 | D:9      | Reached XP level 10. HP: 83/83 MP: 9/9
  8368 | D:10     | Entered Level 10 of the Dungeon
  8468 | D:10     | Killed an unseen horror
  8468 | D:10     | Reached skill level 5 in Dodging
  8649 | D:10     | Reached skill level 5 in Shields
  8727 | D:10     | Noticed an oklob plant
  8793 | D:10     | Found a staircase to the Lair.
  8808 | D:10     | Noticed an oklob plant
  9007 | D:10     | Killed an oklob plant
  9161 | D:10     | Killed an oklob plant
  9546 | D:10     | Noticed a gargoyle
  9558 | D:10     | Killed a gargoyle
  9828 | D:10     | Reached ***** piety under Trog
 10515 | D:11     | Noticed a hill giant
 10517 | D:11     | Noticed Sonja
 10521 | D:11     | Killed a hill giant
 10526 | D:11     | Killed Sonja
 10526 | D:11     | Reached XP level 11. HP: 66/95 MP: 10/10
 10682 | D:12     | Noticed a seven-headed hydra
 10687 | D:12     | Killed a seven-headed hydra
 10747 | D:12     | Noticed a hill giant
 10763 | D:12     | Killed a hill giant
 10861 | D:12     | Noticed a white ugly thing
 10868 | D:12     | Killed a white ugly thing
 11156 | D:12     | Received a gift from Trog
 11162 | D:12     | Found a staircase to the Orcish Mines.
 11277 | D:12     | Noticed a brown ugly thing
 11297 | D:12     | Killed a brown ugly thing
 11961 | Lair:1   | Entered Level 1 of the Lair of Beasts
 12121 | Lair:1   | Reached skill level 10 in Fighting
 12255 | Lair:1   | Received a gift from Trog
 13007 | Lair:2   | Found a frozen archway.
 13039 | IceCv    | Entered an ice cave
 13168 | IceCv    | Reached XP level 12. HP: 103/106 MP: 11/11
 13207 | IceCv    | Reached skill level 10 in Armour
 13216 | IceCv    | Noticed a death yak
 13228 | IceCv    | Killed a death yak
 13348 | IceCv    | Received a gift from Trog
 13395 | IceCv    | Reached skill level 10 in Shields
 13500 | IceCv    | Noticed a frost giant
 13500 | IceCv    | Noticed a death yak
 13513 | IceCv    | Killed a death yak
 13534 | IceCv    | Killed a frost giant
 13541 | IceCv    | Reached skill level 10 in Dodging
 15209 | Lair:3   | Found an oddly glowing altar of Pakellas.
 15216 | Lair:3   | Noticed a seven-headed hydra
 15227 | Lair:3   | Killed a seven-headed hydra
 15227 | Lair:3   | Reached XP level 13. HP: 96/117 MP: 12/12
 15643 | Lair:4   | Received a gift from Trog
 16006 | Lair:4   | Found a dark tunnel.
 16146 | Lair:4   | Found a staircase to the Shoals.
 16188 | Lair:4   | Noticed Harold
 16194 | Lair:4   | Killed Harold
 16676 | Lair:5   | Found a snail-covered altar of Cheibriados.
 17031 | Lair:5   | Received a gift from Trog
 17260 | Lair:5   | Found a hole to the Spider Nest.
 17467 | Lair:6   | Reached XP level 14. HP: 127/129 MP: 13/13
 19209 | Lair:8   | Entered Level 8 of the Lair of Beasts
 19209 | Lair:8   | Found a staircase to the Slime Pits.
 19240 | Lair:8   | Received a gift from Trog
 19753 | Lair:8   | Found a burning altar of Makhleb.
 19851 | Lair:8   | Found a gateway to Hell.
 20509 | Orc:1    | Entered Level 1 of the Orcish Mines
 20509 | Orc:1    | Found a roughly hewn altar of Beogh.
 20509 | Orc:1    | Noticed Erolcha
 20509 | Orc:1    | Noticed Maurice
 20524 | D:12     | Killed Maurice
 20524 | D:12     | Received a gift from Trog
 20646 | Orc:1    | Killed Erolcha
 20651 | Orc:1    | Found Luod Xaet's Assorted Antiques.
 20728 | Orc:1    | Reached ****** piety under Trog
 20995 | Orc:1    | Noticed an orc warlord
 21008 | Orc:1    | Killed an orc warlord
 21008 | Orc:1    | Reached XP level 15. HP: 116/139 MP: 14/14
 21155 | Orc:2    | Entered Level 2 of the Orcish Mines
 21380 | Orc:2    | Found a staircase to the Elven Halls.
 21421 | Orc:2    | Received a gift from Trog
 21480 | Orc:2    | Noticed Josephine
 21537 | Orc:1    | Killed Josephine
 21753 | Orc:2    | Found Heomaas's Gadget Emporium.
 21753 | Orc:2    | Found Vuuduh's General Store.
 21755 | Orc:2    | Found Robbuty's Antique Armour Emporium.
 21755 | Orc:2    | Found Ruutyju's Weapon Shop.
 21767 | Orc:2    | Bought a potion of heal wounds for 75 gold pieces
 21770 | Orc:2    | Bought a pair of runed boots for 130 gold pieces
 21770 | Orc:2    | Bought a shiny plate armour for 667 gold pieces
 21898 | Orc:1    | Bought a scroll of enchant weapon for 172 gold pieces
 21898 | Orc:1    | Bought a pair of distressingly furry boots for 218 gold pieces
 21908 | Orc:1    | Identified the +1 pair of boots of the Dungeon {+Blink rN+ MR- Int+5} (You bought it in a shop on level 1 of the Orcish Mines)
 22088 | Spider:1 | Entered Level 1 of the Spider Nest
 22088 | Spider:1 | Noticed Frances
 22100 | Spider:1 | Killed Frances
 22241 | Spider:1 | Reached skill level 15 in Fighting
 22291 | Spider:1 | Noticed Azrael
 22317 | Spider:1 | Killed Azrael
 22553 | Spider:1 | Reached skill level 15 in Armour
 22758 | Spider:1 | Received a gift from Trog
 23518 | Spider:2 | Reached skill level 15 in Shields
 23531 | Spider:2 | Received a gift from Trog
 23985 | Spider:3 | Gained mutation: Your magical capacity is low (-10% MP). [the power of Zot]
 23985 | Spider:3 | Gained mutation: You regenerate slowly when monsters are visible. [the power of Zot]
 24282 | Spider:3 | Reached XP level 16. HP: 133/150 MP: 13/13
 24466 | Spider:3 | Noticed Arachne
 24474 | Spider:3 | Killed Arachne
 25102 | Spider:4 | Entered Level 4 of the Spider Nest
 25427 | Spider:4 | Received a gift from Trog
 25458 | Spider:3 | Reached skill level 15 in Dodging
 26706 | Spider:4 | Got a gossamer rune of Zot
 28158 | D:14     | Reached XP level 17. HP: 160/160 MP: 14/14
 28213 | D:14     | Found a gate to the Vaults.
 28776 | D:14     | Received a gift from Trog
 28877 | D:15     | Entered Level 15 of the Dungeon
 29287 | D:15     | Identified a scroll of acquirement
 29346 | D:15     | Got an ancient cloak
 29357 | D:15     | Identified the +2 cloak of Shielding {*Corrode +Fly rF+++ Dex+3} (You acquired it on level 15 of the Dungeon)
 29854 | D:15     | Found a staircase to the Depths.
 29859 | Depths:1 | Entered Level 1 of the Depths
 30190 | Depths:1 | Noticed Asterion
 30202 | Depths:1 | Killed Asterion
 30477 | D:15     | Received a gift from Trog
 30535 | Depths:1 | Found a one-way gate to the infinite horrors of the Abyss.
 30952 | Depths:1 | Found a portal to a secret trove of treasure.
 31956 | Depths:2 | Got a pitted amber ring
 31958 | Depths:2 | Identified the ring "Ecvauneomm" {rF+ MR- Str+2 Dex+4 Stlth+} (You found it on level 2 of the Depths)
 31984 | Depths:2 | Paralysed by a vampire knight for 4 turns
 32170 | Depths:2 | Reached XP level 18. HP: 171/171 MP: 15/15
 32323 | Depths:2 | Found a one-way gate leading to the halls of Pandemonium.
 32577 | Vaults:1 | Entered Level 1 of the Vaults
 32696 | Vaults:1 | Received a gift from Trog
 33216 | Vaults:1 | Found Fouxima's Distillery.
 33299 | Vaults:1 | Bought a potion of curing for 63 gold pieces
 33493 | Vaults:1 | Found Xaru's Antique Armour Shoppe.
 33506 | Vaults:1 | Bought a pair of glowing boots for 139 gold pieces
 33544 | Vaults:1 | Received a gift from Trog
 33692 | Vaults:1 | Noticed Aizul
 33710 | Vaults:1 | Killed Aizul
 33899 | Vaults:1 | Noticed Nikola
 33920 | Vaults:1 | Killed Nikola
 34510 | Vaults:2 | Found Keczivio's Antique Armour Shoppe.
 34568 | Vaults:2 | Received a gift from Trog
 34930 | Vaults:2 | Reached XP level 19. HP: 166/181 MP: 16/16
 34966 | Vaults:2 | Found Yhogo's Magic Scroll Emporium.
 34989 | Vaults:2 | Bought 2 scrolls of enchant armour for 255 gold pieces
 35380 | Vaults:2 | Found Looptoj's Gadget Shoppe.
 35515 | Vaults:2 | Received a gift from Trog
 35589 | Vaults:2 | Got a heavily runed cloak
 35600 | Vaults:2 | Identified the cursed +0 cloak of Ennui {+Fly rF+ rC+ Dex+6} (You found it on level 2 of the Vaults)
 35666 | Vaults:2 | Found Gozag's Assorted Antiques.
 35674 | Vaults:2 | Found an opulent altar of Gozag.
 35678 | Vaults:2 | Bought a scroll of enchant armour for 750 gold pieces
 35678 | Vaults:2 | Found Gozag's Antique Weapon Shop.
 35725 | Vaults:2 | Found Gozag's Assorted Antiques.
 35759 | Vaults:2 | Bought a potion of curing for 300 gold pieces
 35849 | Vaults:2 | Found a staircase to the Crypt.
 36239 | Vaults:2 | Found Hiseve's General Store.
 36247 | Vaults:2 | Bought a potion of curing for 60 gold pieces
 36310 | Vaults:2 | Found Lott's Antique Weapon Shoppe.
 36316 | Vaults:2 | Bought a brightly glowing morningstar for 342 gold pieces
 36316 | Vaults:2 | Identified the +8 morningstar of Mutilation {drain, Dex+2} (You bought it in a shop on level 2 of the Vaults)
 36713 | Shoals:1 | Entered Level 1 of the Shoals
 36811 | Shoals:1 | Received a gift from Trog
 37699 | Shoals:1 | You fall through a shaft!
 37872 | Shoals:4 | Entered Level 4 of the Shoals
 37887 | Shoals:4 | Noticed Ilsuiw
 38326 | Shoals:3 | Killed Ilsuiw
 38571 | Shoals:3 | Received a gift from Trog
 38815 | Shoals:4 | Reached XP level 20. HP: 193/193 MP: 17/17
 39231 | Shoals:4 | Got a steaming glass ring
 39233 | Shoals:4 | Identified the ring of Dungumishu {rElec rC++ rN+ Str+4 Int+3} (You found it on level 4 of the Shoals)
 39410 | Shoals:4 | Got a barnacled rune of Zot
 40020 | Vaults:3 | Received a gift from Trog
 40084 | Vaults:3 | Noticed Boris
 40704 | Vaults:2 | Killed Boris
 41200 | Vaults:3 | Received a gift from Trog
 41383 | Vaults:3 | Noticed a Tzitzimitl
 42874 | Vaults:4 | Received a gift from Trog
 42917 | Vaults:4 | Reached XP level 21. HP: 182/203 MP: 17/17
 43044 | Vaults:4 | Received a gift from Trog
 44114 | Depths:1 | You paid a toll of 17 potions of curing to enter a treasure trove
 44115 | Trove    | Entered a treasure trove
 44193 | Trove    | Got a sparkling sapphire amulet
 44198 | Trove    | Identified the amulet "Fiucuep" {+Rage Int+5} (You found it in a treasure trove)
 44823 | Shoals:1 | Received a gift from Trog
 45702 | Vaults:5 | Entered Level 5 of the Vaults
 45900 | Vaults:4 | Paralysed by a giant eyeball for 3 turns
 46530 | Vaults:4 | Got a translucent mace {flame}
 46532 | Vaults:4 | Identified the cursed +2 mace "Eseit" {flame, Fragile MR++ Int+4} (You took it off a yaktaur on level 4 of the Vaults)
 47193 | Vaults:4 | Received a gift from Trog
 47193 | Vaults:4 | Reached XP level 22. HP: 209/214 MP: 18/18
 48001 | Vaults:5 | Received a gift from Trog
 48099 | Vaults:5 | Noticed Jory
 48119 | Vaults:5 | Killed Jory
 48186 | Vaults:5 | Got a silver rune of Zot
 48989 | Vaults:5 | Got a transparent turquoise ring
 48990 | Vaults:5 | Identified the cursed ring "Meagogg" {+Inv rN+ Str-3 Dex-3} (You found it on level 5 of the Vaults)
 49342 | Vaults:5 | Noticed Margery
 49367 | Vaults:5 | Killed Margery
 50011 | Vaults:5 | Noticed a golden dragon
 50020 | Vaults:5 | Killed a golden dragon
 50683 | Depths:2 | Reached XP level 23. HP: 174/224 MP: 19/19
 50927 | Depths:2 | Received a gift from Trog
 51309 | Depths:2 | Got a faintly glowing lajatang
 51310 | Depths:2 | Identified the cursed +1 lajatang "Ikkusuv" {slice, rPois Dex+2} (You found it on level 2 of the Depths)
 51629 | Depths:3 | Noticed the Enchantress
 51650 | Depths:3 | Killed the Enchantress
 51679 | Depths:3 | Got a faerie dragon armour
 51690 | Depths:3 | Identified the +2 faerie dragon armour {HP-5 Str+4} (You took it off the Enchantress on level 3 of the Depths)
 52124 | Depths:3 | Got a pair of bloodstained gloves
 52125 | Depths:3 | Identified the cursed +0 pair of gloves "Guich" {+Blink rCorr} (You found it on level 3 of the Depths)
 52364 | Depths:3 | Reached skill level 1 in Staves
 52587 | Depths:3 | Reached skill level 5 in Staves
 53013 | Depths:4 | Received a gift from Trog
 53652 | Depths:4 | Found a gateway to a ziggurat.
 54430 | Depths:5 | Entered Level 5 of the Depths
 54675 | Orc:1    | Bought a scroll of teleportation for 69 gold pieces
 54675 | Orc:1    | Bought a potion of haste for 230 gold pieces
 54675 | Orc:1    | Bought a potion of heal wounds for 115 gold pieces
 54675 | Orc:1    | Bought a scroll of summoning for 218 gold pieces
 54749 | Orc:2    | Bought a pair of boots for 130 gold pieces
 55037 | Slime:1  | Entered Level 1 of the Pits of Slime
 55299 | Elf:1    | Entered Level 1 of the Elven Halls
 55534 | Crypt:1  | Entered Level 1 of the Crypt
 55596 | Vaults:2 | Bought a scroll of enchant weapon for 750 gold pieces
 55689 | Vaults:2 | Bought a scroll of holy word for 127 gold pieces
 55689 | Vaults:2 | Bought a scroll of teleportation for 51 gold pieces
 55695 | Vaults:2 | Bought a wand of heal wounds (5/9) for 918 gold pieces
 55695 | Vaults:2 | Bought a wand of digging (13/24) for 578 gold pieces
 56752 | Depths:5 | Reached XP level 24. HP: 235/235 MP: 19/19
 57057 | Depths:5 | Received a gift from Trog
 57076 | Depths:5 | Got a brightly glowing morningstar {god gift}
 57077 | Depths:5 | Identified the +12 morningstar "Romut" {flame, rElec Str-3 Int+3 Dex+2} (Trog gifted it to you on level 5 of the Depths)
 57903 | Depths:5 | Received a gift from Trog
 58037 | Depths:5 | Found a gate to the Realm of Zot.
 58075 | Zot:1    | Entered Level 1 of the Realm of Zot
 58523 | Zot:1    | Identified the Almanac of Clay
 58529 | Zot:1    | Got a blackened mace
 58530 | Zot:1    | Identified the +4 mace of Elyi {pain, MR+} (You found it on level 1 of the Realm of Zot)
 60166 | Zot:2    | Received a gift from Trog
 60493 | Zot:2    | Reached XP level 25. HP: 227/246 MP: 19/19
 63708 | Zot:3    | Upgraded the game from 0.18.1-8-gdd0e5ea to 0.18.1-47-g9310371
 64245 | Zot:4    | Received a gift from Trog
 64424 | Zot:4    | Noticed an ancient lich
 64437 | Zot:4    | Killed an ancient lich
 64789 | Zot:5    | Entered Level 5 of the Realm of Zot
 65164 | Zot:5    | Got a heavily runed amber ring
 65165 | Zot:5    | Identified the ring "Ymemn" {+Fly rN+ Int+4 Dex+3} (You found it on level 5 of the Realm of Zot)
 65215 | Zot:5    | Noticed an ancient lich
 65240 | Zot:5    | Killed an ancient lich
 65712 | Zot:5    | Noticed an ancient lich
 65730 | Zot:5    | Killed an ancient lich
 65844 | Zot:5    | Reached XP level 26. HP: 245/258 MP: 19/19
 65959 | Zot:5    | Noticed an ancient lich
 65971 | Zot:5    | Killed an ancient lich
 66271 | Zot:5    | Noticed an orb of fire
 66280 | Zot:5    | Gained mutation: Your body sometimes deteriorates upon taking damage. [an orb of fire]
 66281 | Zot:5    | Gained mutation: You are dopey. (Int -2) [an orb of fire]
 66306 | Zot:5    | Killed an orb of fire
 66325 | Zot:5    | Noticed an orb of fire
 66329 | Zot:5    | Gained mutation: Armour fits poorly on your strangely shaped body. [an orb of fire]
 66337 | Zot:5    | Gained mutation: You expend magic power (3 MP) to strengthen your wands. [an orb of fire]
 66349 | Zot:5    | Gained mutation: You are partially covered in yellow scales (AC +2). [an orb of fire]
 66350 | Zot:5    | Killed an orb of fire
 66414 | Zot:5    | Lost mutation: Your system is resistant to poisons. [potion of cure mutation]
 66414 | Zot:5    | Lost mutation: Your muscles are strong. (Str +2) [potion of cure mutation]
 66414 | Zot:5    | Lost mutation: Armour fits poorly on your strangely shaped body. [potion of cure mutation]
 67363 | Zot:5    | Received a gift from Trog
 67802 | Zot:5    | Noticed an orb of fire
 67804 | Zot:5    | Noticed an orb of fire
 67816 | Zot:4    | Gained mutation: You tend to lose your temper in combat. [an orb of fire]
 68386 | Zot:4    | Gained mutation: You are weak. (Str -2) [an orb of fire]
 68397 | Zot:4    | Killed an orb of fire
 68907 | Zot:5    | Gained mutation: You are very weak. (Str -4) [an orb of fire]
 68917 | Zot:5    | Killed an orb of fire
 68936 | Zot:5    | Lost mutation: Your magical capacity is low (-10% MP). [potion of cure mutation]
 68936 | Zot:5    | Lost mutation: Your body sometimes deteriorates upon taking damage. [potion of cure mutation]
 68936 | Zot:5    | Lost mutation: You are dopey. (Int -2) [potion of cure mutation]
 68936 | Zot:5    | Lost mutation: You tend to lose your temper in combat. [potion of cure mutation]
 69237 | Zot:5    | Received a gift from Trog
 69253 | Zot:5    | Got the Orb of Zot
 69678 | D:12     | Noticed a seraph
 69732 | D:9      | Noticed Kefaghix the pandemonium lord
 69747 | D:8      | Noticed Ywkey the pandemonium lord
 69878 | D:2      | Noticed a seraph
 69903 | D:$      | Escaped with the Orb!

Skill      XL: |  1  2  3  4  5  6  7  8  9 10 11 12 13 14 15 16 17 18 19 20 21 22 23 24 25 26 |
---------------+-------------------------------------------------------------------------------+-----
Maces & Flails | 4 5 6 7 8 9 11 13 14 | 14.0
Fighting       | 6 8 10 11 13 14 15 16 17 18 19 20 21 22 23 24 25 | 25.9
Armour         | 5 7 9 11 13 14 15 16 18 19 20 21 22 23 24 25 26 | 26.1
Shields        | 4 7 9 11 12 13 15 16 17 18 19 20 21 22 23 24 25 26 | 26.0
Dodging        | 4 7 8 10 11 13 14 15 16 17 18 19 20 21 22 23 24 | 24.6
Staves         | 7 |  7.0

Action                   |  1- 3 |  4- 6 |  7- 9 | 10-12 | 13-15 | 16-18 | 19-21 | 22-24 | 25-27 || total
-------------------------+-------+-------+-------+-------+-------+-------+-------+-------+-------++-------
Melee: Mace              |    73 |    71 |       |       |       |       |       |       |       ||   144
       Headbutt          |    13 |    14 |    58 |   219 |   428 |   630 |   679 |   940 |   532 ||  3513
       Flail             |       |     7 |   249 |   749 |  1472 |  1799 |   575 |  2138 |   893 ||  7882
       Morningstar       |       |       |       |       |       |       |  1045 |       |       ||  1045
       Demon whip        |       |       |       |       |       |       |     1 |       |   366 ||   367
Invok: Berserk           |     1 |     2 |     2 |     9 |     6 |     8 |    11 |    10 |     5 ||    54
       Burn Spellbooks   |       |     1 |     2 |     4 |     4 |     1 |     4 |     5 |     2 ||    23
       Brothers in Arms  |       |       |       |     2 |     8 |    17 |    14 |     9 |    13 ||    63
 Abil: Evoke Flight      |       |       |       |       |       |       |    14 |     5 |       ||    19
       Stop Flying       |       |       |       |       |       |       |       |     1 |       ||     1
       Evoke Blink       |       |       |       |       |       |       |       |     1 |       ||     1
Evoke: Lamp of fire      |       |       |       |       |       |     2 |     1 |       |       ||     3
       Disc of storms    |       |       |       |       |       |     3 |       |     1 |       ||     4
       Sack of spiders   |       |       |       |       |       |       |     1 |       |     1 ||     2
       Wand              |       |       |       |       |       |       |       |       |    11 ||    11
  Use: Scroll            |       |     2 |    20 |     5 |    16 |    11 |    12 |    18 |    22 ||   106
       Potion            |       |     1 |       |     4 |       |       |     1 |       |    20 ||    26
 Stab: Distracted        |       |       |       |       |     1 |     4 |     1 |     1 |     2 ||     9
       Confused          |       |       |       |       |       |       |       |       |     2 ||     2
  Eat: Chunk             |     3 |     6 |    11 |    16 |    24 |    19 |    14 |    10 |       ||   103
       Fruit             |       |     1 |       |     7 |     5 |       |     2 |     5 |       ||    20
       Royal jelly       |       |     1 |     1 |     1 |     3 |    12 |       |     1 |       ||    19
       Meat ration       |       |       |     1 |     1 |       |       |     6 |       |     1 ||     9
       Beef jerky        |       |       |       |     2 |     2 |       |     1 |       |       ||     5
       Pizza             |       |       |       |       |     1 |     2 |     1 |     2 |       ||     6
       Bread ration      |       |       |       |       |       |       |     2 |     9 |     9 ||    20
Armor: Scale mail        |    16 |     7 |       |       |       |       |       |       |       ||    23
       Chain mail        |       |    32 |    75 |       |       |       |       |       |       ||   107
       Plate armour      |       |       |    22 |   326 |   589 |   760 |   433 |   438 |   217 ||  2785
       Skin              |       |       |       |       |     1 |       |       |       |       ||     1
Dodge: Dodged            |    40 |    29 |    72 |   279 |   825 |  1020 |   880 |  1054 |   572 ||  4771
Block: Buckler           |     5 |    10 |    42 |   195 |       |       |       |       |       ||   252
       Reflection        |       |       |       |     6 |       |       |   144 |    96 |    26 ||   272
       Shield            |       |       |       |    97 |  1076 |  1351 |  1653 |  1890 |   913 ||  6980
